 Dungeon Crawl Stone Soup version 0.31.0-11-ge490571c62 (webtiles) character file.

Game seed: 14853442996613255671

3196 Arctor the Thaumaturge (level 9, -4/45 HPs)
             Began as a Deep Elf Fire Elementalist on Feb 5, 2024.
             Was an Initiate of Vehumet.
             Slain by a kobold brigand
             ... wielding a +0 whip
              (15 damage)
             ... on level 7 of the Dungeon.
             The game lasted 00:07:40 (9419 turns).

Arctor the Thaumaturge (Deep Elf Fire Elementalist) Turns: 9419, Time: 00:07:41

Health: -4/45      AC:  7    Str:  5    XL:     9   Next: 64%
Magic:  5/23       EV: 17    Int: 25    God:    Vehumet [......]
Gold:   313        SH:  0    Dex: 21    Spells: 17/24 levels left

rFire   . . .        h - +4 dagger (holy)
rCold   . . .        A - orb {mayhem}
rNeg    + . .        B - +2 robe {rN+}
rPois   .            g - +0 helmet
rElec   .            (no cloak)
rCorr   .            p - +1 pair of gloves
SInv    .            (no boots)
Will    .....        s - amulet of magic regeneration
Stlth   ++++         j - +6 ring of dexterity
HPRegen 0.27/turn    r - +4 ring of slaying
MPRegen 0.58/turn

%: mayhem
@: no status effects
A: no striking features
a: Renounce Religion


You were on level 7 of the Dungeon.
You worshipped Vehumet.
Vehumet was noncommittal.
You visited 2 branches of the dungeon, and saw 8 of its levels.

You collected 313 gold pieces.

Inventory:

Hand Weapons
 h - a +4 dagger of holy wrath (weapon)
 z - a +4 trident of draining
Armour
 a - a +0 robe
 g - a +0 helmet (worn)
 p - a +1 pair of gloves (worn)
 w - +0 steam dragon scales
 A - an orb of mayhem (worn)
 B - a +2 robe of positive energy (worn)
Jewellery
 j - a +6 ring of dexterity (left hand)
 r - a +4 ring of slaying (right hand)
 s - an amulet of magic regeneration (around neck)
 v - an amulet of regeneration
 C - a ring of positive energy
Wands
 m - a wand of charming (9)
 x - a wand of mindburst (3)
Scrolls
 c - 5 scrolls of identify
 i - a scroll of enchant armour
 l - 2 scrolls of amnesia
 t - a scroll of poison
 y - 2 scrolls of enchant weapon
Potions
 b - a potion of magic
 d - a potion of might
 e - 3 potions of curing
 f - 3 potions of brilliance
 k - a potion of heal wounds {unknown}
 n - 4 potions of degeneration {unknown}
 o - a potion of resistance {unknown}
 q - 3 potions of lignification {unknown}
 u - a potion of mutation {unknown}


   Skills:
 + Level 7.7 Dodging
 + Level 8.4 Stealth
 + Level 8.4 Spellcasting
 + Level 6.7 Conjurations
 + Level 7.4 Fire Magic


You had 17 spell levels left.
You knew the following spells:

 Your Spells              Type           Power      Damage    Failure   Level
a - Foxfire               Conj/Fire      100%       2x1d9     1%          1
b - Scorch                Fire           94%        2d8       1%          2
c - Flame Wave            Conj/Fire      45%        2d12      3%          4

Your spell library contained the following spells:

 Spells                   Type           Power      Damage    Failure   Level
 Inner Flame              Hex/Fire       29%        N/A       3%          3
 Volatile Blastmotes      Fire/Tloc      58%        2d14      3%          3
 Arcjolt                  Conj/Air       13%        1d23      38%         5
 Vhi's Electric Charge    Tloc/Air       20%        N/A       50%         4
 Plasma Beam              Fire/Air       14%        2x1d25    89%         6


Dungeon Overview and Level Annotations

Branches:
Dungeon (7/15)             Temple (1/1) D:5

Altars:
Ashenzari
Cheibriados
Dithmenos
Fedhas
Gozag
Hepliaklqana
Kikubaaqudgha
Makhleb
Nemelex Xobeh
Qazlal
Sif Muna
Trog
Vehumet
Wu Jian
Xom
Zin
The Shining One


Message History

Confirm with . or Enter, or press ? or * to list all spells.
You conjure some foxfire!
The foxfire hits the kobold brigand!
The kobold brigand is severely wounded.
The foxfire hits Arctor's ghost!
Arctor's ghost is burned terribly!
You destroy Arctor's ghost!
Vehumet accepts your kill. The kobold brigand misses you.
The kobold brigand hits you with a +0 whip!
Casting: Foxfire (safe; 1% risk of failure)
Confirm with . or Enter, or press ? or * to list all spells.
You conjure some foxfire!
The kobold brigand is no longer more vulnerable to fire.
The foxfire hits the kobold brigand.
The kobold brigand is severely wounded.
The foxfire hits the kobold brigand but does no damage.
The kobold brigand is severely wounded.
The kobold brigand hits you but does no damage.
The kobold brigand hits you with a +0 whip.
Casting: Foxfire (safe; 1% risk of failure)
Confirm with . or Enter, or press ? or * to list all spells.
You conjure some foxfire!
The foxfire hits the kobold brigand.
The kobold brigand is almost dead.
The foxfire hits the kobold brigand but does no damage.
The kobold brigand is lightly wounded.
The kobold brigand hits you with a +0 whip.
* * * LOW HITPOINT WARNING * * *
The kobold brigand hits you but does no damage.
Casting: Foxfire (safe; 1% risk of failure)
Confirm with . or Enter, or press ? or * to list all spells.
Flames lash the kobold brigand.
The kobold brigand is heavily wounded.
The kobold brigand's fire resistance burns away.
The foxfire hits the kobold brigand.
You kill the kobold brigand!
Vehumet accepts your kill.
The kobold brigand flies into a frenzy!
The foxfire hits the kobold brigand.
The kobold brigand is burned terribly!
The kobold brigand is severely wounded.
The kobold brigand hits you with a +0 whip!
You die...

#.......................
#........................
....)....................
...........).............
###K.....................
....................
...........$........
..........K.§.......
..........)@........
..............§§.......
......................
#.....................
#.......)............
#....................
#...................
##..................
##..................


You could see a neutral kobold brigand (fast, strong, frenzied, combustible).

Vanquished Creatures
  The ghost of Arctor the Nimble, a novice DEFE of the Shining One (D:7)
  Jeremiah (D:6)
  Maggie (D:6)
  Prince Ribbit (D:6)
  Eustachio (D:6)
  A water moccasin (D:6)
  Duvessa (D:4)
  An acid dragon (D:5)
  An ice beast (D:7)
  2 black bears
  2 centaurs (D:6)
  A phantom (D:6)
  3 kobold brigands (D:7)
  3 scorpions (D:6)
  A bullfrog (D:6)
  A wight (D:6)
  Dowan (D:4)
  A bombardier beetle (D:3)
  4 jellies
  An orc priest (D:4)
  Jessica (D:3)
  4 iguanas
  An orc wizard (D:4)
  9 gnolls
  10 adders
  An ufetubus (D:6)
  5 dart slugs
  13 orcs
  6 endoplasms
  5 giant cockroaches
  4 goblins
  7 hobgoblins
  7 jackals
  8 kobolds
  7 quokkas
  10 ball pythons
  4 bats
  3 frilled lizards
  5 rats
139 creatures vanquished.

Vanquished Creatures (collateral kills)
  2 foxfires (D:5)
2 creatures vanquished.

Vanquished Creatures (others)
  942 foxfires
942 creatures vanquished.

Grand Total: 1083 creatures vanquished

Notes
Turn   | Place    | Note
-------+----------+-------------------------------------------
     0 | D:1      | Arctor the Deep Elf Fire Elementalist began the quest for
                  | the Orb.
     0 | D:1      | Reached XP level 1. HP: 10/10 MP: 6/6
   747 | D:1      | Reached XP level 2. HP: 15/15 MP: 4/8
  1735 | D:2      | Reached XP level 3. HP: 19/19 MP: 4/9
  1747 | D:2      | Learned a level 2 spell: Scorch
  3166 | D:2      | Reached XP level 4. HP: 23/24 MP: 7/11
  3466 | D:3      | Noticed Jessica
  3469 | D:3      | Killed Jessica
  3470 | D:3      | Reached XP level 5. HP: 26/28 MP: 5/13
  4075 | D:3      | Found a glowing golden altar of the Shining One.
  5177 | D:4      | Noticed a black bear
  5183 | D:4      | Killed a black bear
  5184 | D:4      | Reached XP level 6. HP: 32/32 MP: 6/14
  5718 | D:4      | Noticed Duvessa
  5719 | D:4      | Noticed Dowan
  5728 | D:4      | Killed Duvessa
  5729 | D:4      | Reached skill level 5 in Spellcasting
  5754 | D:4      | Killed Dowan
  5755 | D:4      | Reached skill level 5 in Stealth
  5755 | D:4      | Reached XP level 7. HP: 20/36 MP: 2/16
  6489 | D:5      | Entered Level 5 of the Dungeon
  6768 | D:5      | Reached skill level 5 in Fire Magic
  6831 | D:5      | Reached skill level 5 in Dodging
  6947 | D:5      | Found a staircase to the Ecumenical Temple.
  7097 | Temple   | Entered the Ecumenical Temple
  7103 | Temple   | Learned a level 4 spell: Flame Wave
  7173 | Temple   | Became a worshipper of Vehumet
  7757 | D:6      | Noticed Maggie
  7773 | D:6      | Killed Maggie
  7774 | D:6      | Reached XP level 8. HP: 26/41 MP: 4/19
  7889 | D:6      | Reached skill level 5 in Conjurations
  8257 | D:6      | Noticed Eustachio
  8278 | D:6      | Killed Eustachio
  8348 | D:6      | Noticed Jeremiah
  8359 | D:6      | Killed Jeremiah
  8360 | D:6      | Reached XP level 9. HP: 33/45 MP: 22/22
  8780 | D:6      | Noticed Prince Ribbit
  8790 | D:6      | Killed Prince Ribbit
  8953 | D:7      | Found a runed translucent gate.
  8953 | D:7      | Found a runed translucent gate.
  8973 | D:7      | Found a runed translucent gate.
  8973 | D:7      | Noticed a kobold demonologist
  8975 | D:7      | Noticed Arctor's ghost (novice DEFE)
  9028 | D:7      | Noticed an ice devil
  9029 | D:7      | Noticed a sixfirhy
  9032 | D:7      | Noticed a smoke demon
  9416 | D:7      | Killed Arctor's ghost
  9419 | D:7      | Slain by a kobold brigand

Illustrated notes

Levels and vault maps discovered:
D:1:      lightli_arrival_chessboard, layout_basic, minmay_tripent
D:2:      layout_loops_ring
D:3:      layout_rooms, tso_oasis_becter, serial_corexii_hall,
          corexii_hall_statues_s, corexii_hall_statues_t,
          corexii_hall_statues_s, corexii_hall_statues_s,
          corexii_hall_statues_deadend, corexii_hall_statues_l, uniq_jessica
D:4:      layout_gridville, uniq_duvessa
D:5:      layout_cave_pools, minmay_temple_entry_enclosed_plants
D:6:      minmay_thinvault, layout_loops_corners, uniq_eustachio, uniq_maggie,
          uniq_jeremiah, uniq_prince_ribbit1
D:7:      lemuel_insect_pit, layout_layer_cave,
          mainiacjoe_overflow_catwalk_spiral, gammafunk_ghost_nasty_kobolds,
          corexii_leaking_fountain, chequers_serial_rivers_micro_c
Temple:   minmay_temple_bridge_d

Skill      XL: |  1  2  3  4  5  6  7  8  9 |
---------------+----------------------------+-----
Stealth        | 3 4 5 6 7 8 |  8.4
Dodging        | 3 4 5 6 7 |  7.7
Conjurations   | 2 3 4 5 6 |  6.7
Spellcasting   | 4 5 6 7 8 |  8.4
Fire Magic     | 4 5 6 7 |  7.4

Action                     |  1- 3 |  4- 6 |  7- 9 || total
---------------------------+-------+-------+-------++-------
  Melee: Unarmed           |     6 |     1 |       ||     7
         Dagger            |       |       |    34 ||    34
   Cast: Foxfire           |   205 |   185 |   210 ||   600
         Scorch            |       |     8 |    27 ||    35
    Use: Scroll            |       |     6 |     2 ||     8
         Potion            |       |       |     4 ||     4
   Stab: Sleeping          |     1 |       |     8 ||     9
 Armour: Robe              |    18 |    13 |    28 ||    59
         Steam dragon scal |       |       |     4 ||     4
  Dodge: Dodged            |    27 |     8 |    53 ||    88
